 Dungeon Crawl Stone Soup version 0.20.1-1-g8b1a95d (webtiles) character file.

247 n0claF the Slasher (level 5, 0/47 HPs)
             Began as a Draconian Berserker on Oct 27, 2017.
             Was a Believer of Trog.
             Succumbed to Dowan's poison
             ... on level 4 of the Dungeon.
             The game lasted 00:10:35 (2771 turns).

n0claF the Slasher (Draconian Berserker)            Turns: 2771, Time: 00:10:35

Health: 0/47       AC:  6    Str: 25    XL:     5   Next: 85%
Magic:  5/5        EV: 13    Int:  8    God:    Trog [**....]
Gold:   213        SH:  0    Dex: 10    Spells: 4/4 levels left

rFire    . . .     SeeInvis .   p - +3 flail (crush)
rCold    . . .     Gourm    .   (no shield)
rNeg     . . .     Faith    .   (armour unavailable)
rPois    .         Spirit   .   (helmet restricted)
rElec    .         Reflect  .   (no cloak)
rCorr    .         Harm     .   f - +0 pair of gloves
MR       .....                  (no boots)
Stlth    +.........             (no amulet)
Regen    0.2/turn               j - ring of flight
MPRegen  0.1/turn               (no ring)

@: mighty, lethally poisoned (0 -> -29), berserk cooldown, starving, slowed,
very slow
A: unfitting armour, cold-blooded, AC +5
a: Berserk, Trog's Hand, Burn Spellbooks, Renounce Religion, Evoke Flight


You were on level 4 of the Dungeon.
You worshipped Trog.
Trog was pleased with you.
You were starving.

You visited 1 branch of the dungeon, and saw 4 of its levels.

You collected 288 gold pieces.
You spent 75 gold pieces at shops.

Inventory:

Hand Weapons
 a - a +0 falchion
 p - a +3 flail of crushing (weapon)
Armour
 f - a +0 pair of gloves (worn)
Jewellery
 j - a ring of flight (left hand)
Wands
 i - a wand of lightning (8/15)
Scrolls
 d - 5 scrolls of identify {unknown}
 g - a scroll of enchant armour {unknown}
 n - a scroll of immolation {unknown}
 o - a scroll of magic mapping {unknown}
Potions
 h - a potion of ambrosia {unknown}
 k - a potion of curing {unknown}
 q - a potion of brilliance {unknown}
Comestibles
 b - a bread ration
 l - 3 royal jellies
 m - a meat ration


   Skills:
 + Level 4.5 Fighting
 + Level 4.8 Long Blades
 + Level 1.1 Maces & Flails
 + Level 3.6 Dodging
 + Level 1.1 Stealth


You had 4 spell levels left.
You didn't know any spells.

Dungeon Overview and Level Annotations

Branches:
Dungeon (4/15)
 Temple: D:4-7

Altars:
Ashenzari
Gozag
Makhleb
Qazlal
Sif Muna
Xom
Yredelemnul

Shops:
D:4 ?

Annotations:
D:4 Dowan


Innate Abilities, Weirdness & Mutations

Your plain brown scales are hard. (AC +5)
You cannot fit into any form of body armour.
You are cold-blooded and may be slowed by cold attacks.


Message History

the elf corpse of Duvessa You're too hungry.
You're still recovering from your berserk rage.
You closely miss Dowan. Dowan hits you with a dagger of venom.
You are poisoned.
Dowan hits you but does no damage.
You are lethally poisoned!
Dowan hits you with a dagger of venom.
* * * LOW HITPOINT WARNING * * *
You are more poisoned.
You miss Dowan.
* * * LOW HITPOINT WARNING * * *
You feel very sick.
Dowan mumbles some strange words.
Dowan blinks!
* * * LOW HITPOINT WARNING * * *
You feel very sick.
It was a potion of might.
You feel very mighty all of a sudden.
You die...

#........#_#....#
##########.....#+#....#
#..........##### ######
#.##.#####.# #'##.# #.#
#∩#..# #.# ####.# #.#
#.# #.# ### #@# #)# #.#
#.# #e# #.# #.# #.# #.#


You could see Dowan.

Vanquished Creatures
  Duvessa (D:4)
  An orc priest (D:3)
  3 adders
  A worm (D:2)
  3 dart slugs
  4 leopard geckos
  2 orcs (D:3)
  7 bats
  5 giant cockroaches
  8 goblins
  6 hobgoblins
  2 jackals (D:1)
  13 kobolds
  A quokka (D:2)
  8 frilled lizards
  7 rats
72 creatures vanquished.

Vanquished Creatures (others)
  5 toadstools (D:1)
5 creatures vanquished.

Grand Total: 77 creatures vanquished

Notes
Turn   | Place    | Note
-------+----------+-------------------------------------------
     0 | D:1      | n0claF the Draconian Berserker began the quest for the Orb.
     0 | D:1      | Reached XP level 1. HP: 19/19 MP: 1/1
   223 | D:1      | Reached XP level 2. HP: 26/26 MP: 2/2
   625 | D:1      | Reached XP level 3. HP: 33/33 MP: 3/3
   763 | D:1      | Reached ** piety under Trog
  1375 | D:2      | Reached XP level 4. HP: 40/40 MP: 4/4
  1380 | D:2      | Found a burning altar of Makhleb.
  1383 | D:2      | Found an opulent altar of Gozag.
  1394 | D:2      | Found a stormy altar of Qazlal.
  1394 | D:2      | Found a deep blue altar of Sif Muna.
  1808 | D:3      | Found a basalt altar of Yredelemnul.
  2252 | D:3      | Reached XP level 5. HP: 41/46 MP: 5/5
  2558 | D:4      | Found a shimmering altar of Xom.
  2591 | D:4      | Found a shattered altar of Ashenzari.
  2738 | D:4      | Found Ymokkack's Magic Scroll Shop.
  2741 | D:4      | Bought a scroll of enchant weapon for 75 gold pieces
  2754 | D:4      | Noticed Dowan
  2756 | D:4      | Noticed Duvessa
  2766 | D:4      | Killed Duvessa
  2766 | D:4      | Reached skill level 1 in Maces & Flails
  2766 | D:4      | Reached skill level 1 in Stealth
  2771 | D:4      | Succumbed to Dowan's poison

Skill      XL: |  1  2  3  4  5 |
---------------+----------------+-----
Dodging        | 3 |  3.6
Fighting       | 4 |  4.5
Long Blades    | 4 |  4.8
Maces & Flails | 1 |  1.1
Stealth        | 1 |  1.1

Action                   |  1- 3 |  4- 6 || total
-------------------------+-------+-------++-------
Melee: Falchion          |   124 |    41 ||   165
       Tailslap          |    17 |     9 ||    26
       Flail             |       |    38 ||    38
Invok: Berserk           |     1 |     2 ||     3
       Trog's Hand       |       |     1 ||     1
  Use: Scroll            |       |     3 ||     3
       Potion            |       |     1 ||     1
 Stab: Sleeping          |       |     1 ||     1
  Eat: Chunk             |     1 |     6 ||     7
Armor: Skin              |    32 |    31 ||    63
Dodge: Dodged            |   101 |    63 ||   164
       Rpst.: Falchion   |    40 |     6 ||    46
